 Dungeon Crawl Stone Soup version 0.16-a0-1196-ged0958e (webtiles) character file.

71 RobertPalmer the Chiller (level 4, 0/27 HPs)
             Began as an Octopode Ice Elementalist on Oct 11, 2014.
             Succumbed to poison (a potion of poison)
             ... on level 3 of the Dungeon.
             The game lasted 00:05:40 (3539 turns).

RobertPalmer the Chiller (OpIE)                     Turns: 3539, Time: 00:05:40

Health: 0/27       AC:  1    Str:  7    XL:     4   Next: 24%
Magic:  5/7        EV: 12    Int: 18    God:
Gold:   107        SH:  0    Dex: 12    Spells: 2 memorised, 3 levels left

rFire  . . .     SeeInvis .     (no weapon)
rCold  . . .     Clarity  .     (no shield)
rNeg   . . .     SustAb   .     (helmet restricted)
rPois  .         Gourm    .     (no amulet)
rElec  .         Spirit   .     (no ring)
rCorr  .         Warding  .     (no ring)
rMut   .         Stasis   .     (no ring)
MR     .....                    (no ring)
Stlth  +++.......               (no ring)
                                (no ring)
                                (no ring)
                                (no ring)

@: lethally poisoned, very slightly contaminated, hasted, very quick, not
resistant to hostile enchantments, fairly stealthy
A: almost no armour, amphibious, 8 rings, constrict 8, camouflage 1, gelatinous
body 1
a: no special abilities


You were on level 3 of the Dungeon.
You were not hungry.

You visited 1 branch of the dungeon, and saw 3 of its levels.

You collected 107 gold pieces.


Innate Abilities, Weirdness & Mutations

You cannot wear most types of armour.
You are amphibious.
You can wear up to eight rings at the same time.
You can use your tentacles to constrict many enemies at once.
Your skin changes colour to match your surroundings (Stealth).
Your rubbery body absorbs attacks (AC +1).


   Skills:
 - Level 2.0 Dodging
 - Level 2.6 Stealth
 - Level 2.0 Spellcasting
   Level 1.0 Conjurations
 + Level 4.9 Ice Magic


You had 3 spell levels left.
You knew the following spells:

 Your Spells              Type           Power        Failure   Level  Hunger
a - Ozocubu's Armour      Chrm/Ice       ##......     24%         3    ####...
z - Freeze                Ice            ###.         2%          1    #......

Inventory:

Comestibles
 c - 2 bread rations
 l - a chunk of giant cockroach flesh {@*1}
Scrolls
 d - a scroll of amnesia {unknown}
 f - a scroll of identify
 m - a scroll of fog
Potions
 e - 2 potions of agility
 j - a potion of restore abilities
Books
 b - a book of Frost

Dungeon Overview and Level Annotations

Branches:
Dungeon (3/15)

Altars:
Ashenzari
Gozag
Ru
Xom

...)..#........####....8....###
..(.....#.....###......#......###
........#####.'......8###8....._#
........# #####......#......###
.%......# ####....8....###
........########..###.....###
....................#.....#
.......####.......####...##
#...........##>.@....#...#
##.....#########%##.###.##
....... ..# ...#_# ....... ....
..### .#..... ...... .. ...# .
..##... ##. ..# #... . ..#.# #.#


There were no monsters in sight!


Message History

Drink which item? (? for menu, Esc to quit)
You feel clever all of a sudden.
It was a potion of brilliance.
Drink which item? (? for menu, Esc to quit)
You feel very mighty all of a sudden.
It was a potion of might.
* * * LOW HITPOINT WARNING * * *
You feel sick.
Drink which item? (? for menu, Esc to quit)
Your magical effects are unravelling.
You feel magically purged.
It was a potion of cancellation.
You feel a little less mighty now.
You feel a little less agile now.
You feel a little less clever now.
Drink which item? (? for menu, Esc to quit)
You feel yourself speed up.
It was a potion of haste.
You are very lightly contaminated with residual magic.
Drink which item? (? for menu, Esc to quit)
That liquid tasted very nasty...
You are more poisoned.
It was a potion of poison.
* * * LOW HITPOINT WARNING * * *
You feel sick.
There is a lethal amount of poison in your body!
There is a lethal amount of poison in your body!
Unknown command.
There is a lethal amount of poison in your body!
There is a lethal amount of poison in your body!
Unknown command.
There is a lethal amount of poison in your body!
You die...

Action                   |  1- 3 |  4- 6 || total
-------------------------+-------+-------++-------
Melee: Unarmed           |    95 |    14 ||   109
 Cast: Freeze            |    39 |     3 ||    42
  Use: Scroll            |     8 |       ||     8
       Potion            |     2 |     7 ||     9
 Stab: Sleeping          |     8 |       ||     8
  Eat: Chunk             |     6 |     1 ||     7
       Beef jerky        |     1 |       ||     1

Vault maps used:
D:1:      dpeg_arrival_circle_labyrinth_c, minmay_misc_feat_square
D:3:      minmay_overflow_temple_star_quad, overflow_temple_1_default

Notes
Turn   | Place    | Note
--------------------------------------------------------------
     0 | D:1      | RobertPalmer, the Octopode Ice Elementalist, began the quest for the Orb.
     0 | D:1      | Reached XP level 1. HP: 11/11 MP: 3/3
   683 | D:1      | Reached XP level 2. HP: 9/17 MP: 4/4
  1625 | D:2      | Reached skill level 4 in Ice Magic
  1639 | D:1      | HP: 1/17 [giant newt (2)]
  1892 | D:1      | Reached XP level 3. HP: 12/21 MP: 6/6
  2108 | D:2      | HP: 2/21 [worm (11)]
  2401 | D:2      | Learned a level 3 spell: Ozocubu's Armour
  2981 | D:3      | Found an opulent altar of Gozag.
  3358 | D:3      | Reached XP level 4. HP: 24/27 MP: 5/7
  3373 | D:3      | Found a shattered altar of Ashenzari.
  3379 | D:3      | Found a shimmering altar of Xom.
  3390 | D:3      | Found a sacrificial altar of Ru.
  3535 | D:3      | HP: 2/27 [poisoned by an adder]
  3539 | D:3      | Succumbed to poison (a potion of poison)

Vanquished Creatures
  An adder (D:3)
  3 worms (D:2)
  An ooze (D:3)
  5 hobgoblins
  4 kobolds
  A quokka (D:2)
  6 bats
  5 giant cockroaches
  A giant newt (D:1)
  8 goblins
  7 rats
42 creatures vanquished.
